[Event "Titled Tuesday Blitz March 07 Early 2023"]
[White "Csonka, Balazs"]
[Black "Rozhkov, Viacheslav"]
[WhiteFideId "742910"]
[BlackFideId "4181484"]
[WhiteElo "2404"]
[BlackElo "2226"]
[Result "1-0"]
[Round "01"]
[TimeControl "180+2"]
[Date "2023.03.07"]
[WhiteClock "0:00:22"]
[BlackClock "0:00:32"]

1. e4 c5 2. Nf3 Nc6 3. d4 cxd4 4. Nxd4 e5 5. Nb5 a6 6. Nd6+ Bxd6 7. Qxd6 Qf6 8. Qxf6 Nxf6 9. Nc3 Nb4 10. Kd2 d6 11. b3 Ke7 12. Ba3 Nc6 13. g3 b5 14. Nd5+ Nxd5 15. exd5 Nd4 16. c3 Nf3+ 17. Ke3 Bb7 18. Be2 e4 19. Kxe4 Ng5+ 20. Kd4 f5 21. Rhe1 Kd7 22. f4 Nf7 23. Bd3 g6 24. Re6 Rhe8 25. Rae1 Rac8 26. c4 bxc4 27. bxc4 Rxe6 28. dxe6+ 1-0


[Site "https://www.chess.com"]

[Event "Titled Tuesday Blitz March 07 Early 2023"]
[White "Goldin, Roman"]
[Black "Martynov, Pavel"]
[WhiteFideId "2803860"]
[BlackFideId "4101260"]
[WhiteElo "2312"]
[BlackElo "2314"]
[Result "0-1"]
[Round "01"]
[TimeControl "180+2"]
[Date "2023.03.07"]
[WhiteClock "0:00:12"]
[BlackClock "0:01:39"]

1. d4 d5 2. Nf3 e6 3. g3 c5 4. Bg2 Nc6 5. O-O Nf6 6. c4 Be7 7. cxd5 exd5 8. Nc3 O-O 9. a3 Re8 10. dxc5 Bxc5 11. b4 Bf8 12. Bb2 Bg4 13. Nb5 Ne4 14. Nfd4 Bh5 15. Rc1 Qd7 16. Re1 a5 17. bxa5 Rxa5 18. Qb3 Nc5 19. Qxd5 Qxd5 20. Bxd5 Nxd4 21. Nxd4 Na4 22. Ba1 Rxd5 0-1


[Site "https://www.chess.com"]

[Event "Titled Tuesday Blitz March 07 Early 2023"]
[White "Skliarov, Viktor"]
[Black "Kujawski, Adam"]
[WhiteFideId "14106736"]
[BlackFideId "1100920"]
[WhiteElo "2289"]
[BlackElo "2054"]
[Result "1-0"]
[Round "01"]
[TimeControl "180+2"]
[Date "2023.03.07"]
[WhiteClock "0:01:34"]
[BlackClock "0:00:04"]

1. e4 e5 2. Nc3 Nf6 3. Bc4 Nxe4 4. Qh5 Nd6 5. Bb3 Nc6 6. Nb5 g6 7. Qf3 f5 8. Qd5 Qe7 9. Nxc7+ Kd8 10. Nxa8 b6 11. Qd3 e4 12. Qh3 Bg7 13. Ne2 Bb7 14. Nxb6 axb6 15. O-O h5 16. Nf4 Ne5 17. d4 exd3 18. Nxd3 Nxd3 19. cxd3 g5 20. Qe3 f4 21. Qxe7+ Kxe7 22. Re1+ Kd8 23. a4 Nf5 24. a5 Nd4 25. Bd1 b5 26. a6 Ba8 27. Bd2 Rf8 28. Rc1 g4 29. Ba5# 1-0


[Site "https://www.chess.com"]

[Event "Titled Tuesday Blitz March 07 Early 2023"]
[White "Saito, Vinicius"]
[Black "Martinez Ramirez, Lennis"]
[WhiteFideId "2113384"]
[BlackFideId "3509079"]
[WhiteElo "2152"]
[BlackElo "2439"]
[Result "0-1"]
[Round "01"]
[TimeControl "180+2"]
[Date "2023.03.07"]
[WhiteClock "0:01:55"]
[BlackClock "0:02:14"]

1. e4 c5 2. Nf3 d6 3. Bb5+ Nd7 4. d4 a6 5. Bxd7+ Bxd7 6. c4 cxd4 7. Qxd4 e5 8. Qd3 b5 9. Nc3 Nf6 10. O-O bxc4 11. Qxc4 h6 12. Rd1 Be7 13. Qd3 O-O 14. b3 Qb6 15. h3 Rfd8 16. Ba3 Bc6 17. Rac1 Qb7 18. Nd5 Bxd5 19. exd5 e4 20. Rc6 exd3 0-1


[Site "https://www.chess.com"]

[Event "Titled Tuesday Blitz March 07 Early 2023"]
[White "Oro, Faustino"]
[Black "Alahakoon, Isuru"]
[WhiteFideId "20000197"]
[BlackFideId "9900993"]
[WhiteElo "1984"]
[BlackElo "1995"]
[Result "1-0"]
[Round "01"]
[TimeControl "180+2"]
[Date "2023.03.07"]
[WhiteClock "0:00:21"]
[BlackClock "0:00:05"]

1. e4 d5 2. exd5 Qxd5 3. Nc3 Qa5 4. d4 Nf6 5. Nf3 Bg4 6. h3 Bh5 7. g4 Bg6 8. Ne5 e6 9. Bg2 c6 10. O-O Nbd7 11. Nxd7 Nxd7 12. Ne2 O-O-O 13. Nf4 Bd6 14. c3 Qc7 15. Nd3 e5 16. dxe5 Nxe5 17. Nxe5 Bxe5 18. Qa4 Kb8 19. Be3 b5 20. Qa6 Bd3 21. Rfd1 Rd6 22. Bc5 Bh2+ 23. Kxh2 Rd5+ 24. Kg1 Rxc5 25. Rxd3 Re8 26. Rad1 Rce5 27. Re3 Rxe3 28. fxe3 Qg3 29. Qxc6 Qxe3+ 30. Kh1 1-0


[Site "https://www.chess.com"]

[Event "Titled Tuesday Blitz March 07 Early 2023"]
[White "Logozar, Elijah"]
[Black "Seo, Jung Min"]
[WhiteFideId "30963788"]
[BlackFideId "1734687"]
[WhiteElo "2354"]
[BlackElo "2468"]
[Result "1-0"]
[Round "01"]
[TimeControl "180+2"]
[Date "2023.03.07"]
[WhiteClock "0:01:07"]
[BlackClock "0:00:36"]

1. e4 c5 2. Nf3 e6 3. d4 cxd4 4. Nxd4 a6 5. c4 Nf6 6. Nc3 Bb4 7. Qd3 d6 8. Nc2 Bxc3+ 9. Qxc3 O-O 10. f3 Bd7 11. Bf4 e5 12. Bg5 h6 13. Be3 b5 14. Be2 bxc4 15. Bxc4 Bb5 16. O-O d5 17. exd5 Nxd5 18. Bxd5 Qxd5 19. Rfd1 Qe6 20. Nb4 Rc8 21. Qd2 Nc6 22. Nxc6 Bxc6 23. b3 e4 24. f4 a5 25. Rac1 a4 26. b4 a3 27. Rc5 Ba4 28. Rdc1 Rxc5 29. bxc5 Bc6 30. h3 h5 31. Rf1 Bd5 32. f5 Qc6 33. f6 g6 34. Bd4 Kh7 35. Rf5 e3 36. Qxe3 Be4 37. Re5 Bb1 38. Qg5 Rd8 39. Be3 Rd1+ 40. Kh2 1-0


[Site "https://www.chess.com"]

[Event "Titled Tuesday Blitz March 07 Early 2023"]
[White "Starozhilov, Leonid"]
[Black "Sanchez, Robert"]
[WhiteFideId "14106752"]
[BlackFideId "2034360"]
[WhiteElo "2402"]
[BlackElo "2354"]
[Result "1-0"]
[Round "01"]
[TimeControl "180+2"]
[Date "2023.03.07"]
[WhiteClock "0:00:16"]
[BlackClock "0:01:54"]

1. e4 e6 2. d4 d5 3. Nc3 Nf6 4. Bg5 Be7 5. e5 Nfd7 6. h4 h6 7. Bxe7 Qxe7 8. f4 a6 9. Nf3 c5 10. Qd2 Nc6 11. g4 b5 12. O-O-O c4 13. Ne2 b4 14. c3 Rb8 15. Rh2 Nb6 16. Qe1 a5 17. f5 a4 18. cxb4 Nxb4 19. a3 Nd3+ 20. Rxd3 cxd3 21. Nc3 Ba6 22. Qd2 Nc4 23. Qxd3 O-O 24. f6 gxf6 25. g5 fxe5 26. Nxe5 Rfc8 27. Qg3 Nxe5 28. Bxa6 Ng6 29. Bxc8 Rxc8 30. h5 1-0


[Site "https://www.chess.com"]

[Event "Titled Tuesday Blitz March 07 Early 2023"]
[White "Prudnykova, Olga"]
[Black "Khripachenko, Alexander"]
[WhiteFideId "14121093"]
[BlackFideId "54184975"]
[WhiteElo "2113"]
[BlackElo "2384"]
[Result "0-1"]
[Round "01"]
[TimeControl "180+2"]
[Date "2023.03.07"]
[WhiteClock "0:01:08"]
[BlackClock "0:01:17"]

1. e4 c5 2. Nf3 e6 3. Nc3 Nc6 4. d4 cxd4 5. Nxd4 Qc7 6. Be3 Nf6 7. Qf3 Nxd4 8. Bxd4 e5 9. Qg3 d6 10. Be3 a6 11. O-O-O Be6 12. f4 Rc8 13. Bd3 Nh5 14. Qf2 Nxf4 15. Bxf4 exf4 16. Qxf4 Be7 17. Kb1 O-O 18. h4 Bf6 19. Nd5 Bxd5 20. exd5 Qb6 21. b3 Be5 22. Qe4 f5 23. Qa4 Qc5 24. c4 Qd4 25. Qa3 b5 26. Rhe1 b4 0-1


[Site "https://www.chess.com"]

[Event "Titled Tuesday Blitz March 07 Early 2023"]
[White "Riff, Vincent"]
[Black "Rostomyan, Mikayel"]
[WhiteFideId "617776"]
[BlackFideId "13313754"]
[WhiteElo "2369"]
[BlackElo "2009"]
[Result "1-0"]
[Round "01"]
[TimeControl "180+2"]
[Date "2023.03.07"]
[WhiteClock "0:00:38"]
[BlackClock "0:00:04"]

1. e4 c5 2. Nc3 Nc6 3. Bb5 Nd4 4. Nf3 a6 5. Bd3 g6 6. Nxd4 cxd4 7. Ne2 Bg7 8. c3 dxc3 9. dxc3 d6 10. O-O Nf6 11. c4 O-O 12. Nc3 Nd7 13. Re1 b6 14. Nd5 e6 15. Nc3 Bb7 16. Rb1 Qc7 17. Bf1 Ne5 18. Be3 Nxc4 19. Bxc4 Qxc4 20. Qxd6 Bxc3 21. bxc3 Qxe4 22. f3 Qc6 23. Qf4 e5 24. Qxe5 Rfe8 25. Qf4 Qxc3 26. h4 b5 27. h5 Qe5 28. hxg6 Qxf4 29. gxh7+ Kxh7 30. Bxf4 Rxe1+ 31. Rxe1 Bd5 32. a3 Rc8 33. Kf2 Rc3 34. Bd6 Kg6 35. Re8 Be6 36. f4 Kf5 37. Rg8 Ke4 38. Ra8 Rc6 39. Bb4 Kxf4 40. Rd8 Kf5 41. Kf3 Rc2 42. g3 Rc6 43. Rd4 Ke5 44. Re4+ Kf5 45. Rf4+ Ke5 46. Re4+ Kf5 47. Rh4 Bd5+ 48. Ke3 Ke5 49. Rh5+ f5 50. g4 Be4 51. gxf5 Bxf5 52. Rh8 Rg6 53. Re8+ Be6 54. Bc3+ Kd5 55. Rd8+ Kc4 56. Bb4 Bd5 57. Rc8+ Kb3 58. Rc3+ Kb2 59. Kd4 Bc4 60. Rh3 Rg4+ 61. Kc5 Rg5+ 62. Kb6 Rg6+ 63. Ka5 Kc2 64. Rc3+ Kd1 65. Rh3 Ke2 66. Bc5 Kd2 67. Rh4 Kd3 68. Rd4+ Kc3 69. Rd8 Kb3 70. Rh8 Kc3 71. Rh3+ Kc2 72. Bb4 Kb2 73. Rh2+ Kb3 74. Bc5 Re6 75. Rh3+ Kc2 76. Kb4 Kb2 77. Rh2+ Re2 78. Rh3 Re6 79. Bf8 Kc2 80. Bg7 Kd2 81. Bf8 Kc2 82. Kc5 Rf6 83. Rh2+ Kb3 84. Rh3+ Ka2 85. Bg7 Rf5+ 86. Kb4 Rd5 87. Rh1 a5+ 88. Kc3 Rd3+ 89. Kc2 Kxa3 90. Ra1+ Kb4 91. Bf8+ 1-0


[Site "https://www.chess.com"]

[Event "Titled Tuesday Blitz March 07 Early 2023"]
[White "Valgmae, Toomas"]
[Black "Mindlin, Alon"]
[WhiteFideId "4502523"]
[BlackFideId "2800071"]
[WhiteElo "2170"]
[BlackElo "2430"]
[Result "1/2-1/2"]
[Round "01"]
[TimeControl "180+2"]
[Date "2023.03.07"]
[WhiteClock "0:00:31"]
[BlackClock "0:00:03"]

1. d4 Nf6 2. c4 e6 3. Nc3 Bb4 4. Qc2 d5 5. a3 Bxc3+ 6. Qxc3 Ne4 7. Qc2 c5 8. dxc5 Nc6 9. b4 Qf6 10. f3 Qh4+ 11. g3 Nxg3 12. hxg3 Qxh1 13. Kf2 Qh5 14. Bb2 O-O 15. Bg2 Qg6 16. Qxg6 hxg6 17. cxd5 exd5 18. e3 b6 19. b5 Na5 20. c6 a6 21. a4 Nc4 22. Bd4 axb5 23. axb5 Rxa1 24. Bxa1 Be6 25. Ne2 Ra8 26. Bd4 Ra2 27. Ke1 Kf8 28. Bf1 Ke7 29. Nf4 Na3 30. Bxb6 Nc2+ 31. Kd2 Nd4+ 32. Kc3 Nxf3 33. Bc5+ Kd8 34. Nxe6+ fxe6 35. b6 Ne5 36. Bb5 Ra1 37. c7+ Kc8 38. Bd6 Nc4 39. Bxc4 dxc4 40. Be5 Kb7 41. Kxc4 Rc1+ 42. Bc3 Rg1 43. Be5 Rc1+ 44. Bc3 Rb1 45. Bd4 Rc1+ 46. Kd3 Rc6 47. Ke4 Rd6 48. Ke5 Rc6 49. g4 Kc8 50. g5 Kb7 51. Ke4 Kc8 52. Ke5 Kb7 53. Ke4 Kc8 54. Ke5 1/2-1/2


[Site "https://www.chess.com"]

[Event "Titled Tuesday Blitz March 07 Early 2023"]
[White "McCoy, Owen"]
[Black "McLaren, Brian"]
[WhiteFideId "30924502"]
[BlackFideId "2604612"]
[WhiteElo "2650"]
[BlackElo "2132"]
[Result "1-0"]
[Round "01"]
[TimeControl "180+2"]
[Date "2023.03.07"]
[WhiteClock "0:00:45"]
[BlackClock "0:01:14"]

1. b3 e5 2. Bb2 Qe7 3. c4 Nh6 4. Nc3 c6 5. g3 f6 6. Bg2 g6 7. d4 d6 8. Nf3 Bg7 9. O-O O-O 10. Ba3 Nf7 11. Qc2 Bf5 12. e4 Bg4 13. d5 c5 14. Ne1 Na6 15. Nd3 Nc7 16. h3 Bd7 17. f4 b5 18. Bb2 b4 19. Nd1 a5 20. a4 bxa3 21. Rxa3 Rfb8 22. Bc3 exf4 23. gxf4 f5 24. e5 dxe5 25. fxe5 Nxe5 26. Re1 Qg5 27. Bxe5 f4 28. Bxf4 Qd8 29. Nxc5 Bf5 30. Qf2 Rc8 31. d6 Na6 32. Nxa6 Rxa6 33. Bb7 Rxd6 34. Ne3 Bd4 35. Bxc8 1-0


[Site "https://www.chess.com"]

[Event "Titled Tuesday Blitz March 07 Early 2023"]
[White "Vlasak, Lukas"]
[Black "Kozak, Antoni"]
[WhiteFideId "324752"]
[BlackFideId "21832030"]
[WhiteElo "2345"]
[BlackElo "2470"]
[Result "0-1"]
[Round "01"]
[TimeControl "180+2"]
[Date "2023.03.07"]
[WhiteClock "0:00:01"]
[BlackClock "0:00:21"]

1. e4 e5 2. Nf3 Nc6 3. Bb5 Nf6 4. d3 d6 5. O-O Bd7 6. c3 Be7 7. Re1 O-O 8. Nbd2 Re8 9. Nf1 Bf8 10. Ng3 g6 11. h3 Bg7 12. Bc4 Na5 13. Bb3 Nxb3 14. Qxb3 b6 15. Ng5 Qe7 16. d4 Rad8 17. d5 h6 18. Nf3 Nh7 19. c4 f5 20. exf5 gxf5 21. Nd4 Qf7 22. Nb5 Bxb5 23. cxb5 Kh8 24. Qf3 f4 25. Nh5 Rg8 26. h4 Rd7 27. Bd2 Bf6 28. Qh3 Re7 29. Qf5 Bxh4 30. Qxf7 Rxf7 31. g3 Rf5 32. Kh2 Rxh5 33. gxh4 Rxh4# 0-1


[Site "https://www.chess.com"]

[Event "Titled Tuesday Blitz March 07 Early 2023"]
[White "Papasimakopoulos, Alexandros"]
[Black "Fernandez Siles, Luis"]
[WhiteFideId "4244125"]
[BlackFideId "2209420"]
[WhiteElo "2359"]
[BlackElo "2186"]
[Result "1-0"]
[Round "01"]
[TimeControl "180+2"]
[Date "2023.03.07"]
[WhiteClock "0:00:55"]
[BlackClock "0:00:14"]

1. d4 Nf6 2. c4 g6 3. Nc3 Bg7 4. Bg5 h6 5. Bh4 O-O 6. e3 d6 7. Be2 c5 8. d5 Na6 9. Nf3 Nc7 10. O-O e5 11. dxe6 Bxe6 12. Bg3 Nfe8 13. Qd2 Qe7 14. Rad1 Rd8 15. e4 f5 16. exf5 Bxf5 17. Rfe1 Qf6 18. Bh4 g5 19. Nxg5 hxg5 20. Bxg5 Qf7 21. Bxd8 Bd4 22. Bh4 Bg6 23. Bf3 Ne6 24. Nd5 N8g7 25. Ne7+ Kh7 26. Nxg6 Qxg6 27. Be4 Nf5 28. Bg3 Neg7 29. Qf4 Re8 30. Bxf5 Rxe1+ 31. Rxe1 Nxf5 32. b3 a6 33. Qf3 b5 34. Qb7+ Kh8 35. Qd7 Nxg3 36. Re8+ 1-0


[Site "https://www.chess.com"]

[Event "Titled Tuesday Blitz March 07 Early 2023"]
[White "Seletsky, Grigory"]
[Black "Prokofiev, Valentyn"]
[WhiteFideId "14112191"]
[BlackFideId "14160161"]
[WhiteElo "2490"]
[BlackElo "2260"]
[Result "0-1"]
[Round "01"]
[TimeControl "180+2"]
[Date "2023.03.07"]
[WhiteClock "0:01:06"]
[BlackClock "0:00:15"]

1. d4 Nf6 2. Nf3 g6 3. Bg5 Bg7 4. c3 O-O 5. Nbd2 d5 6. e3 c6 7. h3 h6 8. Bh4 Nbd7 9. Be2 Re8 10. O-O e5 11. a4 e4 12. Ne1 Nf8 13. a5 g5 14. Bg3 Ng6 15. b4 Nh7 16. c4 f5 17. Bh5 Nhf8 18. Qb3 f4 19. Bh2 f3 20. cxd5 cxd5 21. g4 Re6 22. b5 Nf4 23. exf4 Bxd4 24. Nc2 Bxa1 25. Rxa1 gxf4 26. Bxf4 Qh4 27. Qxd5 Qxh3 28. Nxe4 Qg2# 0-1


[Site "https://www.chess.com"]

[Event "Titled Tuesday Blitz March 07 Early 2023"]
[White "Dehtiarov, Roman"]
[Black "Sawyer, Bradley"]
[WhiteFideId "14186640"]
[BlackFideId "2023784"]
[WhiteElo "2162"]
[BlackElo "2339"]
[Result "1-0"]
[Round "01"]
[TimeControl "180+2"]
[Date "2023.03.07"]
[WhiteClock "0:02:17"]
[BlackClock "0:00:17"]

1. e4 e5 2. Nf3 Nc6 3. Bb5 a6 4. Ba4 Nf6 5. d4 Nxd4 6. Nxd4 exd4 7. e5 Ne4 8. O-O Bc5 9. Re1 b5 10. Bb3 Bb7 11. Qg4 Qe7 12. Rxe4 Bxe4 13. Qxe4 c6 14. Bf4 O-O-O 15. Nd2 g5 16. Bg3 Rde8 17. a4 Kb7 18. axb5 axb5 19. Nf3 Ra8 20. Rd1 1-0


[Site "https://www.chess.com"]

[Event "Titled Tuesday Blitz March 07 Early 2023"]
[White "Kostiukov, Alexandr"]
[Black "Goudriaan, Etienne"]
[WhiteFideId "14108100"]
[BlackFideId "1021150"]
[WhiteElo "2202"]
[BlackElo "2318"]
[Result "0-1"]
[Round "01"]
[TimeControl "180+2"]
[Date "2023.03.07"]
[WhiteClock "0:01:16"]
[BlackClock "0:02:15"]

1. g3 e5 2. c4 Nf6 3. Bg2 c6 4. a3 d5 5. cxd5 cxd5 6. d4 e4 7. Bg5 Nbd7 8. Nc3 h6 9. Bxf6 Nxf6 10. Nh3 Bf5 11. e3 Qd7 12. Nf4 g5 13. Nh5 Nxh5 14. Qxh5 Bg4 15. Bh3 Bxh3 16. Qe2 Bg4 17. Qc2 Rc8 18. Qb3 Be6 19. h4 gxh4 20. Rxh4 Be7 21. Rh1 a6 22. Kd2 b5 23. Ne2 Rc4 24. Nf4 Bg5 25. Nh5 Ke7 26. Rac1 Rhc8 27. Rxc4 Rxc4 28. Rc1 Rxd4+ 29. Ke1 Rc4 30. Rxc4 dxc4 31. Qc3 f6 32. Ng7 Bg4 33. Qc2 Kf7 0-1


[Site "https://www.chess.com"]

[Event "Titled Tuesday Blitz March 07 Early 2023"]
[White "Fiorito, Francisco"]
[Black "Matveeva, Olga"]
[WhiteFideId "180165"]
[BlackFideId "24107018"]
[WhiteElo "2341"]
[BlackElo "2056"]
[Result "1-0"]
[Round "01"]
[TimeControl "180+2"]
[Date "2023.03.07"]
[WhiteClock "0:00:14"]
[BlackClock "0:00:01"]

1. d4 d5 2. Nc3 Nf6 3. Bf4 c6 4. e3 Bf5 5. f3 h5 6. h4 Nbd7 7. Bd3 e6 8. Nh3 Bb4 9. Bxf5 exf5 10. Qd3 g6 11. a3 Qa5 12. Kf2 Bxc3 13. bxc3 O-O 14. Rhb1 b5 15. Bd6 Rfe8 16. Ng5 Qd8 17. a4 a6 18. a5 Nf8 19. Be5 N8h7 20. Rh1 Nd7 21. Bf4 Qe7 22. Rag1 Nhf6 23. g4 fxg4 24. fxg4 Nxg4+ 25. Rxg4 hxg4 26. h5 Qf6 27. hxg6 fxg6 28. Rh6 Nf8 29. Kg3 Re7 30. Qe2 Rae8 31. Qd3 Rd7 32. Qd2 Rde7 33. Qc1 Rd7 34. Qh1 Rde7 35. Qg1 Rd7 36. Kxg4 Qf5+ 37. Kg3 Rde7 38. Qf2 Rd7 39. Qh2 1-0


[Site "https://www.chess.com"]

[Event "Titled Tuesday Blitz March 07 Early 2023"]
[White "Mikhaylova, Irina"]
[Black "Lewtak, Damian"]
[WhiteFideId "4109040"]
[BlackFideId "1141724"]
[WhiteElo "1966"]
[BlackElo "2302"]
[Result "0-1"]
[Round "01"]
[TimeControl "180+2"]
[Date "2023.03.07"]
[WhiteClock "0:00:27"]
[BlackClock "0:00:12"]

1. d4 d5 2. Nf3 Nf6 3. c4 c6 4. cxd5 cxd5 5. Nc3 Nc6 6. Bf4 a6 7. Rc1 e6 8. e3 Be7 9. Bd3 O-O 10. h3 Bd7 11. O-O Rc8 12. Qe2 Na5 13. Rc2 b5 14. Rfc1 Nc4 15. Nb1 Qb6 16. b3 Nd6 17. Ne5 Qb7 18. f3 Rxc2 19. Rxc2 Rc8 20. Qd1 Be8 21. Qc1 Rxc2 22. Qxc2 h6 23. g4 g5 24. Bg3 Kg7 25. Be1 Ng8 26. Ba5 Nc8 27. f4 Nf6 28. Qc7 Qxc7 29. Bxc7 Nd7 30. Nxd7 Bxd7 31. Kf2 Nd6 32. Nd2 f6 33. Kf3 Bc6 34. Kf2 Kf7 35. Bb6 Ke8 36. Bc5 Kd7 37. Kf3 Bd8 38. Ke2 Nb7 39. b4 Nd6 40. Bxd6 Kxd6 41. Nb3 Bd7 42. Nc5 Bc8 43. e4 e5 44. fxe5+ fxe5 45. Ke3 exd4+ 46. Kxd4 Bf6+ 47. Ke3 Bc3 48. exd5 Kxd5 49. Be4+ Kc4 50. Nd3 Bxb4 51. Ne5+ Kc3 52. Nc6 Bc5+ 53. Ke2 b4 54. Ne5 a5 55. Bd5 a4 56. Nd3 Bd6 57. Bf7 Ba6 58. Ke3 Bxd3 59. Be6 Bc4 60. Bd7 a3 61. Ba4 Bxa2 62. Bd1 Bc4 63. Be2 a2 64. Bf3 a1=Q 65. Be4 Qc1+ 66. Kf3 Qf4+ 67. Kg2 Qg3+ 68. Kh1 Qh2# 0-1


[Site "https://www.chess.com"]

[Event "Titled Tuesday Blitz March 07 Early 2023"]
[White "Sadubayev, Airat"]
[Black "Kirillov, Dmitry"]
[WhiteFideId "13713264"]
[BlackFideId "34180572"]
[WhiteElo "2129"]
[BlackElo "2111"]
[Result "0-1"]
[Round "01"]
[TimeControl "180+2"]
[Date "2023.03.07"]
[WhiteClock "0:00:10"]
[BlackClock "0:00:21"]

1. d4 d5 2. c4 e6 3. Nf3 Nf6 4. g3 Bb4+ 5. Bd2 Be7 6. Bg2 O-O 7. O-O dxc4 8. Qc2 b5 9. a4 b4 10. Ne5 Qxd4 11. Bxa8 Qxe5 12. Bf4 Qh5 13. Bf3 Ng4 14. h4 g5 15. Bxc7 gxh4 16. Bxb8 e5 17. Bxg4 Bxg4 18. Bxa7 Bxe2 19. Re1 Bd3 20. Qd1 Qg6 21. Re3 f5 22. Kh2 Qh6 23. Kg1 f4 24. Rxd3 cxd3 25. Qxd3 hxg3 26. fxg3 fxg3 27. Qxg3+ Kh8 28. Qxe5+ Bf6 29. Qe3 Rg8+ 30. Kf1 Qh1+ 31. Ke2 Qg2+ 32. Kd3 Rd8+ 33. Kc4 Qc2+ 34. Kxb4 Qxb2+ 35. Qb3 Qxa1 36. Bb6 Rc8 37. Qe6 Qxb1+ 38. Ka5 Ra8+ 39. Ba7 Rxa7+ 40. Qa6 Rxa6+ 41. Kxa6 Qb3 42. a5 Bc3 43. Ka7 Bxa5 44. Ka8 Bc3 45. Ka7 Kg7 46. Ka8 Kf7 47. Ka7 Ke7 48. Ka8 Kd7 49. Ka7 Kc7 50. Ka6 Qb6# 0-1


[Site "https://www.chess.com"]

[Event "Titled Tuesday Blitz March 07 Early 2023"]
[White "Bach, Matthias"]
[Black "Kvaloy, Aksel Bu"]
[WhiteFideId "4603168"]
[BlackFideId "1528815"]
[WhiteElo "2165"]
[BlackElo "2208"]
[Result "0-1"]
[Round "01"]
[TimeControl "180+2"]
[Date "2023.03.07"]
[WhiteClock "0:00:22"]
[BlackClock "0:00:29"]

1. d4 Nf6 2. c4 e6 3. Nc3 Bb4 4. Bg5 O-O 5. e3 c5 6. d5 exd5 7. cxd5 h6 8. Bh4 d6 9. Bd3 Nbd7 10. Nf3 Re8 11. O-O a6 12. a3 Ba5 13. Ne4 Qe7 14. Nxf6+ Nxf6 15. Bc2 b5 16. Qd3 c4 17. Qd4 Bb7 18. Bxf6 Qxf6 19. Qxf6 gxf6 20. Rfd1 Rac8 21. Nd4 Re5 22. Nf5 Rd8 23. Nxh6+ Kf8 24. Ng4 Rxd5 25. Rxd5 Bxd5 26. Nxf6 Be6 27. Rd1 d5 28. Nh5 Ke7 29. Nf4 Bb6 30. h4 d4 31. exd4 Bxd4 32. Nxe6 fxe6 33. b3 e5 34. bxc4 bxc4 35. h5 c3 36. h6 Rf8 37. Rf1 Kf6 38. h7 Kg7 39. g3 Rb8 40. Kg2 Rb2 41. Be4 Rd2 42. g4 c2 43. Rc1 Rxf2+ 44. Kg3 Re2 45. Bf5 e4 46. Kf4 Bb2 0-1


[Site "https://www.chess.com"]

[Event "Titled Tuesday Blitz March 07 Early 2023"]
[White "Trent, Lawrence"]
[Black "Harriott, Tyrell"]
[WhiteFideId "408638"]
[BlackFideId "2086484"]
[WhiteElo "2458"]
[BlackElo "2107"]
[Result "1-0"]
[Round "01"]
[TimeControl "180+2"]
[Date "2023.03.07"]
[WhiteClock "0:00:40"]
[BlackClock "0:00:05"]

1. e3 e6 2. c4 d5 3. Nf3 c6 4. b3 f5 5. Bb2 Nf6 6. d3 Bd6 7. Be2 O-O 8. O-O Nbd7 9. Nc3 a6 10. Qc2 e5 11. cxd5 cxd5 12. d4 e4 13. Ng5 Qe7 14. Nh3 Kh8 15. Rac1 Qf7 16. Na4 h6 17. f4 Ng4 18. Qd2 Rg8 19. Nf2 Ngf6 20. Kh1 Qe7 21. g4 fxg4 22. Nxg4 Nxg4 23. Bxg4 b5 24. Bxd7 Bxd7 25. Nb6 Be6 26. Nxa8 Rxa8 27. Rc6 Qd7 28. Rfc1 Bg4 29. Qf2 Bf3+ 30. Kg1 Rf8 31. Qh4 Rf6 32. R1c2 Rg6+ 33. Kf1 Rg4 34. Rc8+ Kh7 35. Qd8 Rg1+ 36. Kxg1 Qg4+ 37. Kf1 Qh3+ 38. Ke1 Bb4+ 39. Bc3 Qh4+ 40. Qxh4 Ba3 41. Bb2 Bb4+ 42. Kf2 Kg6 43. R2c6+ Kh7 44. Rxh6+ gxh6 45. Rc7+ Kg8 46. Qd8+ Bf8 47. Ba3 1-0


[Site "https://www.chess.com"]

[Event "Titled Tuesday Blitz March 07 Early 2023"]
[White "Boder, Jan"]
[Black "Guzman, Christopher"]
[WhiteFideId "16243226"]
[BlackFideId "6405096"]
[WhiteElo "2241"]
[BlackElo "2281"]
[Result "0-1"]
[Round "01"]
[TimeControl "180+2"]
[Date "2023.03.07"]
[WhiteClock "0:00:08"]
[BlackClock "0:01:51"]

1. c4 Nf6 2. g3 e6 3. Bg2 d5 4. Nf3 Be7 5. O-O O-O 6. d4 c6 7. Nc3 a5 8. b3 b6 9. Bb2 Bb7 10. Qd3 Nbd7 11. e4 dxe4 12. Nxe4 Nxe4 13. Qxe4 Nf6 14. Qc2 c5 15. d5 exd5 16. Ng5 h6 17. Bxf6 hxg5 18. Bxe7 Qxe7 19. Rfe1 Qf6 20. Rad1 Rad8 21. Bxd5 Bxd5 22. Rxd5 Rxd5 23. cxd5 Rd8 24. Qe4 g6 25. Qe5 Kg7 26. Qe4 Rd6 27. a4 Qd4 28. Qe8 Qxd5 29. Re3 Re6 30. Rxe6 Qxe6 31. Qb5 g4 32. Qc4 Qxc4 33. bxc4 Kf6 34. f3 gxf3 35. Kf2 Ke5 36. Ke3 f2 37. Kxf2 Kd4 38. Kf3 Kxc4 39. Kf4 Kd5 40. Kg5 Ke6 41. h4 c4 42. g4 c3 43. h5 gxh5 44. gxh5 c2 45. h6 c1=Q+ 0-1


[Site "https://www.chess.com"]

[Event "Titled Tuesday Blitz March 07 Early 2023"]
[White "Tan, Jun Ying"]
[Black "Lopez Del Alamo, Antonio"]
[WhiteFideId "5710413"]
[BlackFideId "2227339"]
[WhiteElo "2089"]
[BlackElo "2175"]
[Result "1-0"]
[Round "01"]
[TimeControl "180+2"]
[Date "2023.03.07"]
[WhiteClock "0:00:05"]
[BlackClock "0:00:05"]

1. Nf3 Nf6 2. b3 g6 3. Bb2 Bg7 4. g3 O-O 5. Bg2 d6 6. d4 Nbd7 7. O-O c6 8. c4 Qc7 9. Nc3 Re8 10. e4 e5 11. Re1 a5 12. h3 exd4 13. Nxd4 Nc5 14. Qc2 Bd7 15. Rad1 Rad8 16. Kh2 Bc8 17. a3 h5 18. b4 axb4 19. axb4 Na6 20. b5 Nc5 21. bxc6 bxc6 22. e5 dxe5 23. Nxc6 Rxd1 24. Qxd1 e4 25. Nb4 Be6 26. Ncd5 Bxd5 27. Nxd5 Nxd5 28. Bxg7 Kxg7 29. Qxd5 h4 30. Re3 hxg3+ 31. fxg3 Qe5 32. Qd2 f5 33. Qf2 g5 34. Kh1 f4 35. gxf4 gxf4 36. Ra3 Re7 37. Ra5 e3 38. Qe2 Qg5 39. Bf3 Rd7 40. Ra1 1-0


[Site "https://www.chess.com"]

[Event "Titled Tuesday Blitz March 07 Early 2023"]
[White "Sahil, Tickoo"]
[Black "Hamitevici, Vladimir"]
[WhiteFideId "5019710"]
[BlackFideId "13902393"]
[WhiteElo "2086"]
[BlackElo "2401"]
[Result "0-1"]
[Round "01"]
[TimeControl "180+2"]
[Date "2023.03.07"]
[WhiteClock "0:00:11"]
[BlackClock "0:00:14"]

1. d4 e6 2. Bf4 f5 3. Nc3 Nf6 4. g4 Bb4 5. gxf5 exf5 6. Qd3 d5 7. O-O-O c6 8. Nf3 Ne4 9. Nxe4 fxe4 10. Qb3 Bd6 11. Bxd6 Qxd6 12. Ne5 O-O 13. f3 exf3 14. exf3 Nd7 15. Re1 Nxe5 16. dxe5 Qh6+ 17. Kb1 b5 18. Bd3 Bf5 19. Bxf5 Rxf5 20. e6 Re8 21. Qa3 Rxe6 22. Qxa7 Rxf3 23. a3 Rf8 24. Qd7 Rg6 25. Re8 Rf6 26. Rhe1 Qg6 27. Rxf8+ Rxf8 28. Re6 Qg1+ 29. Ka2 Qxh2 30. Rxc6 Qg2 31. Qe6+ Kh8 32. Rc8 Qf3 33. Rxf8+ Qxf8 34. Qxd5 Qe8 35. b3 h5 36. Qg5 Qe2 37. Kb2 Kh7 38. Qf5+ Kh6 39. Qf4+ Kg6 40. Qg3+ Kf6 41. a4 bxa4 42. Qd6+ Kf5 43. Qc5+ Qe5+ 44. Qxe5+ Kxe5 45. bxa4 h4 46. a5 h3 47. a6 h2 48. a7 h1=Q 49. a8=Q Qxa8 0-1


[Site "https://www.chess.com"]